Senators vs Reign

Created - Friday, February 26, 2016 at 01:24

Goals
1 2 3 OT1 SO T
Senators 0 1 0 0 0 1
Reign 0 1 0 0 1 2
Shots
1 2 3 OT1 SO T
Senators 9 9 2 7 3 27
Reign 10 4 9 4 2 27

1st period

No Goal

Penalties :
Taylor Doherty (ONT) for Hooking (Minor) at 2:02, Justin Falk (ONT) for Goalie Interference (Minor) at 7:27, Joe Finley (BIN) for Hooking (Minor) at 12:34

2nd period

1. Senators , Emerson Etem 12 (Cody Hodgson) at 0:31
2. Reign , Luke Gazdic 14 (Teuvo Teravainen) at 6:19

Penalties :
Matej Stransky (ONT) for Holding (Minor) at 2:53, Luke Gazdic (ONT) for Fighting (Major) at 6:50, Ryan Craig (BIN) for Fighting (Major) at 6:50, Luke Gazdic (ONT) for instigated a fight (Minor) at 6:50, Luke Gazdic (ONT) for instigated a fight (10 Minutes Misconduct) at 6:50, Taylor Doherty (ONT) for Hooking (Minor) at 10:15

3rd period

No Goal

Penalties :
Joe Finley (BIN) for Unsportsmanlike conduct (Minor) at 0:51

Overtime #1

No Goal

Penalties :
No Penalty

Shootout

Penalty Shot by Kyle Brodziak for Senators - Shot Misses the Net
Penalty Shot by Mikhail Grigorenko for Reign - Stopped by Cedrick Desjardins
Penalty Shot by Emerson Etem for Senators - Stopped by Reto Berra
Penalty Shot by Jared Knight for Reign - Goal!
Penalty Shot by Cody Hodgson for Senators - Stopped by Reto Berra

Penalties :
No Penalty

Goalie Stats

Cedrick Desjardins (BIN), 26 saves from 27 shots - (0.963), OTL, 3-0-6, 65:00 minutes
Reto Berra (ONT), 26 saves from 27 shots - (0.963), W, 2-1-1, 65:00 minutes

Players Stats for Senators

Player Name              G  A  P  +/- PIM S  H  SB GA TA FO     MP     PP MP  PK MP  
------------------------------------------------------------------------------------
Cody Hodgson             0  1  1   1  0   1  0  0  6  1  0/1    17:43   5:20   0:20 
Colin Greening           0  0  0   0  0   2  3  0  6  2  0/0    19:12   4:35   0:20 
Colton Orr               0  0  0  -1  0   3  0  1  0  0  0/1    10:44   0:31   0:00 
Connor Brown             0  0  0  -1  0   0  0  0  1  0  0/0     6:19   0:00   0:00 
Emerson Etem             1  0  1   0  0   4  2  2  8  0  0/1    23:14   5:20   1:58 
Eric Knodel              0  0  0  -1  0   2  4  3  0  1  0/0    25:52   5:07   1:03 
Greg Nemisz              0  0  0   0  0   2  3  1  0  0  1/1    12:38   0:00   0:00 
Jesse Blacker            0  0  0  -1  0   0  0  1  1  1  0/0    25:52   5:07   1:03 
Joe Finley               0  0  0   1  4   0  0  0  0  0  0/0    21:47   4:48   0:00 
Josh Leivo               0  0  0   0  0   3  0  1  1  0  1/1    16:23   0:00   1:40 
Kenny Ryan               0  0  0   0  0   0  1  0  0  0  2/8    16:17   2:47   0:00 
Kyle Brodziak            0  0  0   1  0   0  1  1  1  3  6/16   23:14   4:09   2:16 
Matt Finn                0  0  0   0  0   2  1  1  0  0  0/0    15:16   0:00   0:00 
Mike Brown               0  0  0   0  0   6  1  0  3  2  0/0    19:49   4:35   0:38 
Philip McRae             0  0  0   0  0   0  1  0  0  0  0/0     3:07   0:00   0:44 
Ryan Craig               0  0  0   0  5   2  3  0  1  2  5/10   16:52   2:28   0:00 
Tom Nilsson              0  0  0   0  0   0  0  0  0  0  0/0    17:48   0:00   2:55 
Viktor Loov              0  0  0   1  0   0  1  0  0  2  0/0    23:52   4:48   2:55 

Players Stats for Reign

Player Name              G  A  P  +/- PIM S  H  SB GA TA FO     MP     PP MP  PK MP  
------------------------------------------------------------------------------------
Brett Olson              0  0  0   0  0   2  1  0  1  2  5/6    13:45   2:26   0:00 
Brian McGrattan          0  0  0   0  0   3  2  0  0  0  0/1    20:09   2:03   6:17 
C.J. Stretch             0  0  0   0  0   0  0  0  0  0  0/1     7:09   0:00   0:27 
Davis Drewiske           0  0  0   0  0   1  1  1  0  1  0/0    23:52   1:08   4:35 
Jake McCabe              0  0  0   0  0   0  1  0  3  1  0/0    13:49   0:00   0:00 
Jared Knight             0  0  0   0  0   1  2  1  0  0  1/1    15:24   0:00   2:53 
Jason Jaffray            0  0  0   0  0   1  4  1  2  0  0/0    21:05   2:26   3:24 
Joey Leach               0  0  0   0  0   0  1  0  0  0  0/0     6:24   0:00   0:00 
Jordan Hill              0  0  0   0  0   0  0  0  1  0  0/0    16:44   0:00   3:14 
Justin Falk              0  0  0   0  2   0  2  4  3  4  0/0    26:41   2:50   4:15 
Luke Gazdic              1  0  1   0  17  1  0  0  1  1  0/2    14:28   0:46   1:57 
Matej Stransky           0  0  0   0  2   2  1  0  4  2  0/0    19:07   0:06   0:00 
Mikhail Grigorenko       0  0  0   0  0   4  1  0  5  1  14/22  23:04   1:26   4:54 
Nathan Paetsch           0  0  0   0  0   4  0  2  0  1  0/0    24:05   2:50   5:20 
Taylor Doherty           0  0  0   0  4   1  4  0  1  2  0/0    20:35   1:08   2:26 
Taylor Peters            0  0  0   0  0   2  1  0  1  0  4/5    11:53   0:00   0:00 
Teuvo Teravainen         0  1  1   0  0   4  0  0  0  0  0/0    15:59   1:32   0:00 
Tyler Randell            0  0  0   0  0   1  3  0  0  1  0/1    15:49   1:09   0:00 

3 Stars

1 - Reto Berra (ONT)
2 - Cedrick Desjardins (BIN)
3 - Emerson Etem (BIN)

Power Play

Senators - 0 on 5 Attempt(s) - 0.00%
Reign - 0 on 2 Attempt(s) - 0.00%

Penalty Kill

Senators - 2 on 2 Attempt(s) - 100.00% - Score 0 goal in Penalty Kill
Reign - 5 on 5 Attempt(s) - 100.00% - Score 0 goal in Penalty Kill

Team Stat

Senators - Hits : 21 - Faceoff Wins : 15 - Blocked Shots : 11 - Penalty Minutes : 9
Reign - Hits : 24 - Faceoff Wins : 24 - Blocked Shots : 9 - Penalty Minutes : 25

Official

Referees : Unknown
Linesman : Unknown

Game Notes

Luke Gazdic beats up Ryan Craig at 6:50 of 2nd period

Finance

Level 1 -- Attendance: 1555 (77.75%) -- Ticket Income $46,650
Level 2 -- Attendance: 810 (81.00%) -- Ticket Income $9,720
Total Attendance: 2365 (78.83%)
Total Ticket Income: $56,370
Other Income: $27,621
Total Income: $83,991

Senators

5 vs 5 Forward 
   Center                   Left Wing                Right Wing               Time % Phy DF OF 
 1 Kyle Brodziak            Emerson Etem             Cody Hodgson             35     1   2  2  
 2 Ryan Craig               Colin Greening           Mike Brown               30     1   2  2  
 3 Kyle Brodziak            Josh Leivo               Greg Nemisz              22     1   2  2  
 4 Kyle Brodziak            Emerson Etem             Connor Brown             13     1   2  2  

5 vs 5 Defense 
   Defense                  Defense                                           Time % Phy DF OF 
 1 Jesse Blacker            Eric Knodel                                       35     1   2  2  
 2 Joe Finley               Viktor Loov                                       30     1   2  2  
 3 Matt Finn                Tom Nilsson                                       22     1   2  2  
 4 Jesse Blacker            Eric Knodel                                       13     1   2  2  

PowerPlay Forward 
   Center                   Left Wing                Right Wing               Time % Phy DF OF 
 1 Kyle Brodziak            Emerson Etem             Cody Hodgson             60     1   2  2  
 2 Ryan Craig               Colin Greening           Mike Brown               40     1   2  2  

PowerPlay Defense
   Defense                  Defense                                           Time % Phy DF OF 
 1 Jesse Blacker            Eric Knodel                                       60     1   2  2  
 2 Joe Finley               Viktor Loov                                       40     1   2  2  

Penalty Kill 4 Players Forward 
   Center                   Wing                     Time % Phy DF OF 
 1 Kyle Brodziak            Emerson Etem             60     1   2  2  
 2 Cody Hodgson             Colin Greening           40     1   2  2  

Penalty Kill 4 Players Defense
   Defense                  Defense                  Time % Phy DF OF 
 1 Jesse Blacker            Eric Knodel              60     1   2  2  
 2 Joe Finley               Viktor Loov              40     1   2  2  

Penalty Kill - 3 Players Forward 
   Forward                                           Time % Phy DF OF 
 1 Kyle Brodziak                                     60     1   2  2  
 2 Emerson Etem                                      40     1   2  2  

Penalty Kill - 3 Players Defense
   Defense                  Defense                  Time % Phy DF OF 
 1 Jesse Blacker            Eric Knodel              60     1   2  2  
 2 Joe Finley               Viktor Loov              40     1   2  2  

4 vs 4 Forward 
   Center                   Wing                     Time % Phy DF OF 
 1 Kyle Brodziak            Emerson Etem             60     1   2  2  
 2 Cody Hodgson             Colin Greening           40     1   2  2  

4 vs 4 Defense
   Defense                  Defense                  Time % Phy DF OF 
 1 Jesse Blacker            Eric Knodel              60     1   2  2  
 2 Joe Finley               Viktor Loov              40     1   2  2  

Last Minutes Offensive
   Center                   Left Wing                Right Wing               Defense                  Defense                  
   Kyle Brodziak            Emerson Etem             Cody Hodgson             Jesse Blacker            Eric Knodel              

Last Minutes Defensive
   Center                   Left Wing                Right Wing               Defense                  Defense                  
   Kyle Brodziak            Emerson Etem             Cody Hodgson             Jesse Blacker            Eric Knodel              

Goaltenders
Starting : Cedrick Desjardins       
Backup : Jean-Francois Berube     

Extra Forwards
Normal : Kenny Ryan, Colton Orr, Josh Leivo - PP : Kenny Ryan, Colton Orr - PK : Josh Leivo
Extra Defensemen
Normal : Matt Finn, Tom Nilsson, Joe Finley - PP : Matt Finn - PK : Tom Nilsson, Joe Finley
Penalty Shots
Kyle Brodziak, Emerson Etem, Cody Hodgson, Colin Greening, Ryan Craig

Reign

5 vs 5 Forward 
   Center                   Left Wing                Right Wing               Time % Phy DF OF 
 1 Mikhail Grigorenko       Luke Gazdic              Teuvo Teravainen         35     1   2  2  
 2 Brett Olson              Jason Jaffray            Brian McGrattan          30     1   2  2  
 3 Taylor Peters            Mikhail Grigorenko       Matej Stransky           22     1   2  2  
 4 Mikhail Grigorenko       Luke Gazdic              Jared Knight             13     1   2  2  

5 vs 5 Defense 
   Defense                  Defense                                           Time % Phy DF OF 
 1 Justin Falk              Nathan Paetsch                                    35     1   2  2  
 2 Davis Drewiske           Taylor Doherty                                    30     1   2  2  
 3 Jake McCabe              Jordan Hill                                       22     1   2  2  
 4 Joey Leach               Justin Falk                                       13     1   2  2  

PowerPlay Forward 
   Center                   Left Wing                Right Wing               Time % Phy DF OF 
 1 Mikhail Grigorenko       Luke Gazdic              Teuvo Teravainen         60     1   2  2  
 2 Brett Olson              Jason Jaffray            Brian McGrattan          40     1   2  2  

PowerPlay Defense
   Defense                  Defense                                           Time % Phy DF OF 
 1 Justin Falk              Nathan Paetsch                                    60     1   2  2  
 2 Davis Drewiske           Taylor Doherty                                    40     1   2  2  

Penalty Kill 4 Players Forward 
   Center                   Wing                     Time % Phy DF OF 
 1 Mikhail Grigorenko       Brian McGrattan          60     1   2  2  
 2 Luke Gazdic              Jason Jaffray            40     1   2  2  

Penalty Kill 4 Players Defense
   Defense                  Defense                  Time % Phy DF OF 
 1 Justin Falk              Nathan Paetsch           60     1   2  2  
 2 Davis Drewiske           Taylor Doherty           40     1   2  2  

Penalty Kill - 3 Players Forward 
   Forward                                           Time % Phy DF OF 
 1 Mikhail Grigorenko                                60     1   2  2  
 2 Luke Gazdic                                       40     1   2  2  

Penalty Kill - 3 Players Defense
   Defense                  Defense                  Time % Phy DF OF 
 1 Justin Falk              Nathan Paetsch           60     1   2  2  
 2 Davis Drewiske           Taylor Doherty           40     1   2  2  

4 vs 4 Forward 
   Center                   Wing                     Time % Phy DF OF 
 1 Mikhail Grigorenko       Matej Stransky           60     1   2  2  
 2 Luke Gazdic              Jason Jaffray            40     1   2  2  

4 vs 4 Defense
   Defense                  Defense                  Time % Phy DF OF 
 1 Justin Falk              Nathan Paetsch           60     1   2  2  
 2 Davis Drewiske           Taylor Doherty           40     1   2  2  

Last Minutes Offensive
   Center                   Left Wing                Right Wing               Defense                  Defense                  
   Mikhail Grigorenko       Luke Gazdic              Teuvo Teravainen         Justin Falk              Nathan Paetsch           

Last Minutes Defensive
   Center                   Left Wing                Right Wing               Defense                  Defense                  
   Mikhail Grigorenko       Luke Gazdic              Teuvo Teravainen         Justin Falk              Nathan Paetsch           

Goaltenders
Starting : Reto Berra               
Backup : Troy Grosenick           

Extra Forwards
Normal : Tyler Randell, Matej Stransky, Jared Knight - PP : Tyler Randell, Matej Stransky - PK : Jared Knight
Extra Defensemen
Normal : Jake McCabe, Jordan Hill, Joey Leach - PP : Jake McCabe - PK : Jordan Hill, Joey Leach
Penalty Shots
Mikhail Grigorenko, Jared Knight, Luke Gazdic, Jason Jaffray, Brian McGrattan

% Time on Ice - Senators

Lines # - Real PCT - Wanted PCT - Time Play
Normal Forward
1 - 26% - 35% - 12:04
2 - 33% - 30% - 15:06
3 - 27% - 22% - 12:38
4 - 14% - 13% - 6:19
Normal Defense
1 - 33% - 35% - 15:14
2 - 30% - 30% - 13:45
3 - 33% - 22% - 15:16
4 - 4% - 13% - 1:52
PP Forward
1 - 54% - 60% - 5:20
2 - 46% - 40% - 4:35
PP Defense
1 - 52% - 60% - 5:07
2 - 48% - 40% - 4:48
PK Forward
1 - 92% - 60% - 3:38
2 - 8% - 40% - 0:20
PK Defense
1 - 26% - 60% - 1:03
2 - 74% - 40% - 2:55
PK3 Forward
1 - 0% - 60%
2 - 0% - 40%
PK3 Defense
1 - 0% - 60%
2 - 0% - 40%
44 Forward
1 - 100% - 60% - 5:00
2 - 0% - 40% - 0:00
44 Defense
1 - 52% - 60% - 2:36
2 - 48% - 40% - 2:24
Last Minute Offensive  - 0:00
Last Minute Defensive  - 0:00
Total
Forward - 65:00
Defense - 65:00

% Time on Ice - Reign

Lines # - Real PCT - Wanted PCT - Time Play
Normal Forward
1 - 37% - 35% - 17:07
2 - 25% - 30% - 11:34
3 - 26% - 22% - 11:53
4 - 12% - 13% - 5:33
Normal Defense
1 - 28% - 35% - 12:58
2 - 33% - 30% - 15:05
3 - 28% - 22% - 13:05
4 - 11% - 13% - 4:59
PP Forward
1 - 39% - 60% - 1:32
2 - 61% - 40% - 2:26
PP Defense
1 - 71% - 60% - 2:50
2 - 29% - 40% - 1:08
PK Forward
1 - 67% - 60% - 6:41
2 - 33% - 40% - 3:14
PK Defense
1 - 54% - 60% - 5:20
2 - 46% - 40% - 4:35
PK3 Forward
1 - 0% - 60%
2 - 0% - 40%
PK3 Defense
1 - 0% - 60%
2 - 0% - 40%
44 Forward
1 - 100% - 60% - 5:00
2 - 0% - 40% - 0:00
44 Defense
1 - 59% - 60% - 2:57
2 - 41% - 40% - 2:03
Last Minute Offensive  - 0:00
Last Minute Defensive  - 0:00
Total
Forward - 65:00
Defense - 65:00

Play by Play

1st period


0:01 of 1st period - Kyle Brodziak wins face-off versus Mikhail Grigorenko in neutral zone.
0:04 of 1st period - Slapshot by Emerson Etem.
0:04 of 1st period - Shot Blocked by Justin Falk.
0:06 of 1st period - Snap shot by Emerson Etem.
0:06 of 1st period - Stopped by Reto Berra without a rebound.
0:07 of 1st period - Kyle Brodziak wins face-off versus Mikhail Grigorenko in Reign zone.
0:26 of 1st period - Wrist shot by Teuvo Teravainen.
0:26 of 1st period - Stopped by Cedrick Desjardins with a rebound.
0:36 of 1st period - Snap shot by Emerson Etem.
0:36 of 1st period - Stopped by Reto Berra with a rebound.
1:05 of 1st period - Ryan Craig is hit by Brian McGrattan and loses puck.
1:24 of 1st period - Viktor Loov is hit by Brian McGrattan.
2:02 of 1st period - Minor Penalty to Taylor Doherty for Hooking.
2:03 of 1st period - Mikhail Grigorenko wins face-off versus Kyle Brodziak in Reign zone.
3:39 of 1st period - Snap shot by Mike Brown.
3:39 of 1st period - Stopped by Reto Berra with a rebound.
3:41 of 1st period - Slapshot by Eric Knodel.
3:41 of 1st period - Stopped by Reto Berra with a rebound.
3:43 of 1st period - Slapshot by Jesse Blacker.
3:43 of 1st period - Shot Misses the Net.
3:56 of 1st period - Icing by Jesse Blacker.
3:57 of 1st period - Mikhail Grigorenko wins face-off versus Kenny Ryan in Senators zone.
4:02 of 1st period - Penalty to Taylor Doherty is over, Taylor Doherty is back on ice.
4:08 of 1st period - Icing by Jesse Blacker.
4:09 of 1st period - Taylor Peters wins face-off versus Kenny Ryan in Senators zone.
4:12 of 1st period - Slapshot by Matej Stransky.
4:12 of 1st period - Stopped by Cedrick Desjardins with a rebound.
4:14 of 1st period - Snap shot by Mikhail Grigorenko.
4:14 of 1st period - Shot Misses the Net.
4:16 of 1st period - Slapshot by Taylor Peters.
4:16 of 1st period - Shot Misses the Net.
4:20 of 1st period - Snap shot by Mikhail Grigorenko.
4:20 of 1st period - Stopped by Cedrick Desjardins with a rebound.
4:22 of 1st period - Snap shot by Mikhail Grigorenko.
4:22 of 1st period - Deflect By Matej Stransky.
4:22 of 1st period - Shot Blocked by Eric Knodel.
4:22 of 1st period - Puck is out of play.
4:23 of 1st period - Taylor Peters wins face-off versus Kyle Brodziak in Senators zone.
6:07 of 1st period - Wrist shot by Teuvo Teravainen.
6:07 of 1st period - Shot Misses the Net.
6:09 of 1st period - Snap shot by Teuvo Teravainen.
6:09 of 1st period - Shot Misses the Net.
6:11 of 1st period - Slapshot by Taylor Doherty.
6:11 of 1st period - Stopped by Cedrick Desjardins without a rebound.
6:12 of 1st period - Kyle Brodziak wins face-off versus Brian McGrattan in Senators zone.
6:19 of 1st period - Wrist shot by Jason Jaffray.
6:19 of 1st period - Shot Misses the Net.
6:21 of 1st period - Slapshot by Taylor Doherty.
6:21 of 1st period - Deflect By Brett Olson.
6:21 of 1st period - Shot Misses the Net.
6:21 of 1st period - Puck is out of play.
6:22 of 1st period - Kyle Brodziak wins face-off versus Brett Olson in Senators zone.
7:01 of 1st period - Taylor Doherty is hit by Ryan Craig and loses puck.
7:27 of 1st period - Minor Penalty to Justin Falk for Goalie Interference.
7:28 of 1st period - Mikhail Grigorenko wins face-off versus Kyle Brodziak in Reign zone.
7:42 of 1st period - Backhand shot by Cody Hodgson.
7:42 of 1st period - Stopped by Reto Berra with a rebound.
9:16 of 1st period - Kyle Brodziak is hit by Taylor Doherty.
9:27 of 1st period - Penalty to Justin Falk is over, Justin Falk is back on ice.
9:33 of 1st period - Greg Nemisz is hit by Taylor Doherty and loses puck.
10:00 of 1st period - Jake McCabe is hit by Greg Nemisz and loses puck.
10:17 of 1st period - Slapshot by Justin Falk.
10:17 of 1st period - Shot Misses the Net.
10:19 of 1st period - Slapshot by Nathan Paetsch.
10:19 of 1st period - Shot Misses the Net.
10:36 of 1st period - Ryan Craig is hit by Joey Leach and loses puck.
11:47 of 1st period - Justin Falk is hit by Mike Brown.
12:01 of 1st period - Wrist shot by Cody Hodgson.
12:01 of 1st period - Shot Misses the Net.
12:29 of 1st period - Snap shot by Josh Leivo.
12:29 of 1st period - Shot Misses the Net.
12:34 of 1st period - Minor Penalty to Joe Finley for Hooking.
12:35 of 1st period - Brett Olson wins face-off versus Kyle Brodziak in Senators zone.
13:38 of 1st period - Philip McRae is hit by Jason Jaffray and loses puck.
14:01 of 1st period - Backhand shot by Mikhail Grigorenko.
14:01 of 1st period - Shot Misses the Net.
14:22 of 1st period - Wrist shot by Brett Olson.
14:22 of 1st period - Stopped by Cedrick Desjardins with a rebound.
14:34 of 1st period - Penalty to Joe Finley is over, Joe Finley is back on ice.
14:42 of 1st period - Wrist shot by Matej Stransky.
14:42 of 1st period - Stopped by Cedrick Desjardins with a rebound.
14:58 of 1st period - Snap shot by Ryan Craig.
14:58 of 1st period - Stopped by Reto Berra with a rebound.
15:06 of 1st period - Snap shot by Taylor Peters.
15:06 of 1st period - Stopped by Cedrick Desjardins without a rebound.
15:07 of 1st period - Taylor Peters wins face-off versus Ryan Craig in Senators zone.
16:20 of 1st period - Wrist shot by Greg Nemisz.
16:20 of 1st period - Stopped by Reto Berra with a rebound.
16:46 of 1st period - Slapshot by Teuvo Teravainen.
16:46 of 1st period - Shot Misses the Net.
17:05 of 1st period - Emerson Etem is hit by Taylor Doherty and loses puck.
17:43 of 1st period - Wrist shot by Josh Leivo.
17:43 of 1st period - Stopped by Reto Berra with a rebound.
18:00 of 1st period - Slapshot by Matt Finn.
18:00 of 1st period - Stopped by Reto Berra without a rebound.
18:01 of 1st period - Taylor Peters wins face-off versus Ryan Craig in Reign zone.
18:01 of 1st period - Taylor Peters is hit by Ryan Craig.
18:55 of 1st period - Snap shot by Brian McGrattan.
18:55 of 1st period - Stopped by Cedrick Desjardins with a rebound.
19:05 of 1st period - Backhand shot by Brett Olson.
19:05 of 1st period - Stopped by Cedrick Desjardins without a rebound.
19:06 of 1st period - Brett Olson wins face-off versus Kenny Ryan in Senators zone.
19:19 of 1st period - Wrist shot by Mikhail Grigorenko.
19:19 of 1st period - Deflect By Cody Hodgson.
19:19 of 1st period - Stopped by Cedrick Desjardins without a rebound.
19:20 of 1st period - Kenny Ryan wins face-off versus Mikhail Grigorenko in Senators zone.
Goals for this period are 0 for Senators vs 0 for Reign.
Shots for this period are 9 for Senators vs 10 for Reign.

2nd period


0:01 of 2nd period - Kyle Brodziak wins face-off versus Mikhail Grigorenko in neutral zone.
0:04 of 2nd period - Teuvo Teravainen is hit by Emerson Etem and loses puck.
0:31 of 2nd period - Wrist shot by Emerson Etem.
0:31 of 2nd period - Goal by Emerson Etem - Senators : 1 - Reign : 0.
0:32 of 2nd period - Brett Olson wins face-off versus Ryan Craig in neutral zone.
0:35 of 2nd period - Backhand shot by Justin Falk.
0:35 of 2nd period - Shot Blocked by Eric Knodel.
1:04 of 2nd period - Icing by Ryan Craig.
1:05 of 2nd period - Ryan Craig wins face-off versus Luke Gazdic in Senators zone.
1:55 of 2nd period - Luke Gazdic is hit by Eric Knodel.
2:05 of 2nd period - Brian McGrattan is hit by Greg Nemisz and loses puck.
2:53 of 2nd period - Minor Penalty to Matej Stransky for Holding.
2:54 of 2nd period - Mikhail Grigorenko wins face-off versus Kyle Brodziak in Reign zone.
3:30 of 2nd period - Davis Drewiske is hit by Colin Greening and loses puck.
3:52 of 2nd period - Off-side.
3:53 of 2nd period - Mikhail Grigorenko wins face-off versus Emerson Etem in neutral zone.
4:10 of 2nd period - Slapshot by Colin Greening.
4:10 of 2nd period - Stopped by Reto Berra without a rebound.
4:11 of 2nd period - Ryan Craig wins face-off versus Luke Gazdic in Reign zone.
4:53 of 2nd period - Penalty to Matej Stransky is over, Matej Stransky is back on ice.
4:58 of 2nd period - Snap shot by Jason Jaffray.
4:58 of 2nd period - Shot Misses the Net.
5:16 of 2nd period - Snap shot by Mike Brown.
5:16 of 2nd period - Stopped by Reto Berra with a rebound.
5:18 of 2nd period - Slapshot by Tom Nilsson.
5:18 of 2nd period - Deflect By Mike Brown.
5:18 of 2nd period - Stopped by Reto Berra with a rebound.
5:20 of 2nd period - Backhand shot by Colin Greening.
5:20 of 2nd period - Shot Blocked by Jason Jaffray.
5:22 of 2nd period - Snap shot by Ryan Craig.
5:22 of 2nd period - Stopped by Reto Berra with a rebound.
5:36 of 2nd period - Snap shot by Josh Leivo.
5:36 of 2nd period - Shot Misses the Net.
5:38 of 2nd period - Slapshot by Tom Nilsson.
5:38 of 2nd period - Shot Blocked by Davis Drewiske.
5:40 of 2nd period - Slapshot by Matt Finn.
5:40 of 2nd period - Deflect By Davis Drewiske.
5:40 of 2nd period - Stopped by Reto Berra with a rebound.
5:42 of 2nd period - Wrist shot by Kenny Ryan.
5:42 of 2nd period - Deflect By Greg Nemisz.
5:42 of 2nd period - Stopped by Reto Berra with a rebound.
6:12 of 2nd period - Jesse Blacker is hit by Davis Drewiske and loses puck.
6:19 of 2nd period - Wrist shot by Luke Gazdic.
6:19 of 2nd period - Goal by Luke Gazdic - Senators : 1 - Reign : 1.
6:20 of 2nd period - Mikhail Grigorenko wins face-off versus Ryan Craig in neutral zone.
6:29 of 2nd period - Snap shot by Colin Greening.
6:29 of 2nd period - Shot Misses the Net.
6:31 of 2nd period - Wrist shot by Mike Brown.
6:31 of 2nd period - Deflect By Colin Greening.
6:31 of 2nd period - Stopped by Reto Berra without a rebound.
6:32 of 2nd period - Ryan Craig wins face-off versus Mikhail Grigorenko in Reign zone.
6:45 of 2nd period - Slapshot by Luke Gazdic.
6:45 of 2nd period - Shot Misses the Net.
6:50 of 2nd period - Luke Gazdic beats up Ryan Craig.
6:50 of 2nd period - Penalty to Luke Gazdic for Fighting.
6:50 of 2nd period - Penalty to Ryan Craig for Fighting.
6:50 of 2nd period - Penalty to Luke Gazdic for instigated a fight.
6:50 of 2nd period - Penalty to Luke Gazdic for instigated a fight.
6:51 of 2nd period - Mikhail Grigorenko wins face-off versus Cody Hodgson in Reign zone.
7:18 of 2nd period - Off-side.
7:19 of 2nd period - Mikhail Grigorenko wins face-off versus Kenny Ryan in neutral zone.
7:50 of 2nd period - Slapshot by Jason Jaffray.
7:50 of 2nd period - Shot Misses the Net.
7:52 of 2nd period - Snap shot by Jared Knight.
7:52 of 2nd period - Shot Misses the Net.
7:54 of 2nd period - Slapshot by Taylor Doherty.
7:54 of 2nd period - Shot Misses the Net.
8:50 of 2nd period - Penalty to Luke Gazdic is over, Jared Knight is send on ice.
9:13 of 2nd period - Matt Finn is hit by Tyler Randell and loses puck.
9:22 of 2nd period - Slapshot by Teuvo Teravainen.
9:22 of 2nd period - Deflect By Tyler Randell.
9:22 of 2nd period - Deflect By Greg Nemisz.
9:22 of 2nd period - Stopped by Cedrick Desjardins with a rebound.
10:15 of 2nd period - Minor Penalty to Taylor Doherty for Hooking.
10:16 of 2nd period - Mikhail Grigorenko wins face-off versus Kyle Brodziak in Reign zone.
10:55 of 2nd period - Kenny Ryan is hit by Jason Jaffray.
10:58 of 2nd period - Off-side.
10:59 of 2nd period - Jared Knight wins face-off versus Kenny Ryan in neutral zone.
11:50 of 2nd period - Penalty to Luke Gazdic is over, Jared Knight is send on ice.
12:15 of 2nd period - Penalty to Taylor Doherty is over, Taylor Doherty is back on ice.
12:15 of 2nd period - Snap shot by Jared Knight.
12:15 of 2nd period - Stopped by Cedrick Desjardins with a rebound.
12:21 of 2nd period - Colin Greening is hit by Jared Knight and loses puck.
12:38 of 2nd period - Matt Finn is hit by Tyler Randell and loses puck.
13:34 of 2nd period - Slapshot by Josh Leivo.
13:34 of 2nd period - Shot Misses the Net.
13:36 of 2nd period - Snap shot by Viktor Loov.
13:36 of 2nd period - Deflect By Greg Nemisz.
13:36 of 2nd period - Deflect By Justin Falk.
13:36 of 2nd period - Shot Misses the Net.
13:36 of 2nd period - Puck is out of play.
13:37 of 2nd period - Brett Olson wins face-off versus Colton Orr in Reign zone.
13:37 of 2nd period - Brett Olson is hit by Greg Nemisz.
13:55 of 2nd period - Wrist shot by Jason Jaffray.
13:55 of 2nd period - Stopped by Cedrick Desjardins with a rebound.
15:05 of 2nd period - Emerson Etem is hit by Jason Jaffray and loses puck.
15:48 of 2nd period - Joe Finley is hit by Taylor Doherty and loses puck.
16:23 of 2nd period - Snap shot by Connor Brown.
16:23 of 2nd period - Shot Misses the Net.
16:35 of 2nd period - Nathan Paetsch is hit by Eric Knodel and loses puck.
17:04 of 2nd period - C.J. Stretch is hit by Colin Greening and loses puck.
17:25 of 2nd period - Backhand shot by Josh Leivo.
17:25 of 2nd period - Stopped by Reto Berra with a rebound.
17:53 of 2nd period - Wrist shot by Mike Brown.
17:53 of 2nd period - Shot Hit the Post.
17:55 of 2nd period - Wrist shot by Josh Leivo.
17:55 of 2nd period - Shot Misses the Net.
17:57 of 2nd period - Slapshot by Viktor Loov.
17:57 of 2nd period - Shot Misses the Net.
18:13 of 2nd period - Mikhail Grigorenko is hit by Ryan Craig and loses puck.
19:30 of 2nd period - Wrist shot by Jared Knight.
19:30 of 2nd period - Shot Blocked by Josh Leivo.
19:32 of 2nd period - Slapshot by Taylor Doherty.
19:32 of 2nd period - Shot Blocked by Greg Nemisz.
19:58 of 2nd period - Mike Brown is hit by Taylor Peters.
Goals for this period are 1 for Senators vs 1 for Reign.
Shots for this period are 9 for Senators vs 4 for Reign.

3rd period


0:01 of 3rd period - Brett Olson wins face-off versus Kyle Brodziak in neutral zone.
0:30 of 3rd period - Snap shot by Brian McGrattan.
0:30 of 3rd period - Shot Misses the Net.
0:32 of 3rd period - Slapshot by Nathan Paetsch.
0:32 of 3rd period - Stopped by Cedrick Desjardins with a rebound.
0:34 of 3rd period - Snap shot by Jason Jaffray.
0:34 of 3rd period - Shot Misses the Net.
0:36 of 3rd period - Snap shot by Brian McGrattan.
0:36 of 3rd period - Stopped by Cedrick Desjardins without a rebound.
0:37 of 3rd period - Mikhail Grigorenko wins face-off versus Ryan Craig in Senators zone.
0:42 of 3rd period - Backhand shot by Teuvo Teravainen.
0:42 of 3rd period - Shot Misses the Net.
0:51 of 3rd period - Minor Penalty to Joe Finley for Unsportsmanlike conduct.
0:52 of 3rd period - Mikhail Grigorenko wins face-off versus Kyle Brodziak in Senators zone.
1:07 of 3rd period - Slapshot by Teuvo Teravainen.
1:07 of 3rd period - Stopped by Cedrick Desjardins with a rebound.
1:09 of 3rd period - Wrist shot by Tyler Randell.
1:09 of 3rd period - Shot Blocked by Emerson Etem.
1:14 of 3rd period - Slapshot by Justin Falk.
1:14 of 3rd period - Shot Blocked by Jesse Blacker.
1:18 of 3rd period - Backhand shot by Tyler Randell.
1:18 of 3rd period - Shot Hit the Post.
1:20 of 3rd period - Slapshot by Nathan Paetsch.
1:20 of 3rd period - Stopped by Cedrick Desjardins with a rebound.
1:46 of 3rd period - Kyle Brodziak is hit by Brett Olson and loses puck.
1:50 of 3rd period - 10 Minutes Misconduct Penalty to Luke Gazdic is over.
1:53 of 3rd period - Nathan Paetsch is hit by Eric Knodel and loses puck.
1:58 of 3rd period - Wrist shot by Kyle Brodziak.
1:58 of 3rd period - Shot Misses the Net.
2:51 of 3rd period - Penalty to Joe Finley is over, Joe Finley is back on ice.
3:23 of 3rd period - Backhand shot by Mike Brown.
3:23 of 3rd period - Stopped by Reto Berra with a rebound.
3:25 of 3rd period - Slapshot by Eric Knodel.
3:25 of 3rd period - Deflect By Mike Brown.
3:25 of 3rd period - Stopped by Reto Berra with a rebound.
3:27 of 3rd period - Snap shot by Colin Greening.
3:27 of 3rd period - Shot Misses the Net.
3:45 of 3rd period - Josh Leivo is hit by Matej Stransky and loses puck.
4:36 of 3rd period - Snap shot by Luke Gazdic.
4:36 of 3rd period - Shot Misses the Net.
4:57 of 3rd period - Brian McGrattan is hit by Kyle Brodziak and loses puck.
5:26 of 3rd period - Justin Falk is hit by Viktor Loov and loses puck.
5:35 of 3rd period - Slapshot by Taylor Peters.
5:35 of 3rd period - Stopped by Cedrick Desjardins with a rebound.
6:01 of 3rd period - Matt Finn is hit by Jared Knight and loses puck.
6:20 of 3rd period - Snap shot by Teuvo Teravainen.
6:20 of 3rd period - Stopped by Cedrick Desjardins with a rebound.
6:55 of 3rd period - Icing by Mike Brown.
6:56 of 3rd period - Ryan Craig wins face-off versus Taylor Peters in Senators zone.
7:25 of 3rd period - Snap shot by Jason Jaffray.
7:25 of 3rd period - Shot Blocked by Emerson Etem.
8:13 of 3rd period - Ryan Craig is hit by Justin Falk and loses puck.
8:34 of 3rd period - Slapshot by Connor Brown.
8:34 of 3rd period - Deflect By Kenny Ryan.
8:34 of 3rd period - Shot Misses the Net.
8:34 of 3rd period - Puck is out of play.
8:35 of 3rd period - Kenny Ryan wins face-off versus Tyler Randell in Reign zone.
9:39 of 3rd period - Snap shot by Jason Jaffray.
9:39 of 3rd period - Shot Blocked by Colton Orr.
10:07 of 3rd period - Davis Drewiske is hit by Kenny Ryan and loses puck.
10:22 of 3rd period - Wrist shot by Teuvo Teravainen.
10:22 of 3rd period - Deflect By Josh Leivo.
10:22 of 3rd period - Shot Misses the Net.
10:22 of 3rd period - Puck is out of play.
10:23 of 3rd period - Kyle Brodziak wins face-off versus Mikhail Grigorenko in Senators zone.
10:23 of 3rd period - Kyle Brodziak is hit by Jake McCabe.
10:33 of 3rd period - Wrist shot by Josh Leivo.
10:33 of 3rd period - Shot Misses the Net.
10:58 of 3rd period - Snap shot by Luke Gazdic.
10:58 of 3rd period - Shot Misses the Net.
11:04 of 3rd period - Snap shot by Luke Gazdic.
11:04 of 3rd period - Shot Misses the Net.
11:14 of 3rd period - Davis Drewiske is hit by Colin Greening and loses puck.
11:49 of 3rd period - Slapshot by Jake McCabe.
11:49 of 3rd period - Shot Misses the Net.
12:09 of 3rd period - Slapshot by Teuvo Teravainen.
12:09 of 3rd period - Stopped by Cedrick Desjardins without a rebound.
12:10 of 3rd period - Greg Nemisz wins face-off versus Mikhail Grigorenko in Senators zone.
12:10 of 3rd period - Greg Nemisz is hit by Justin Falk.
12:34 of 3rd period - Tyler Randell is hit by Philip McRae and loses puck.
14:23 of 3rd period - Jason Jaffray is hit by Eric Knodel and loses puck.
15:49 of 3rd period - Taylor Doherty is hit by Matt Finn and loses puck.
16:39 of 3rd period - Colin Greening is hit by Jason Jaffray and loses puck.
17:26 of 3rd period - Slapshot by Justin Falk.
17:26 of 3rd period - Shot Blocked by Matt Finn.
17:28 of 3rd period - Snap shot by Brian McGrattan.
17:28 of 3rd period - Stopped by Cedrick Desjardins with a rebound.
17:30 of 3rd period - Slapshot by Nathan Paetsch.
17:30 of 3rd period - Stopped by Cedrick Desjardins with a rebound.
17:54 of 3rd period - Viktor Loov is hit by Mikhail Grigorenko and loses puck.
18:23 of 3rd period - Davis Drewiske is hit by Emerson Etem.
19:07 of 3rd period - Snap shot by Colin Greening.
19:07 of 3rd period - Deflect By Mike Brown.
19:07 of 3rd period - Shot Blocked by Nathan Paetsch.
19:07 of 3rd period - Puck is out of play.
19:08 of 3rd period - Ryan Craig wins face-off versus C.J. Stretch in Reign zone.
Goals for this period are 0 for Senators vs 0 for Reign.
Shots for this period are 2 for Senators vs 9 for Reign.

Overtime #1


0:01 of 1st overtime period - Mikhail Grigorenko wins face-off versus Kyle Brodziak in neutral zone.
0:06 of 1st overtime period - Snap shot by Matej Stransky.
0:06 of 1st overtime period - Shot Blocked by Kyle Brodziak.
0:12 of 1st overtime period - Wrist shot by Mikhail Grigorenko.
0:12 of 1st overtime period - Shot Misses the Net.
0:24 of 1st overtime period - Slapshot by Matej Stransky.
0:24 of 1st overtime period - Shot Misses the Net.
0:32 of 1st overtime period - Wrist shot by Mikhail Grigorenko.
0:32 of 1st overtime period - Stopped by Cedrick Desjardins with a rebound.
0:34 of 1st overtime period - Snap shot by Justin Falk.
0:34 of 1st overtime period - Shot Blocked by Eric Knodel.
0:36 of 1st overtime period - Snap shot by Nathan Paetsch.
0:36 of 1st overtime period - Stopped by Cedrick Desjardins with a rebound.
1:13 of 1st overtime period - Wrist shot by Emerson Etem.
1:13 of 1st overtime period - Stopped by Reto Berra with a rebound.
1:20 of 1st overtime period - Off-side.
1:21 of 1st overtime period - Mikhail Grigorenko wins face-off versus Kyle Brodziak in neutral zone.
1:34 of 1st overtime period - Wrist shot by Emerson Etem.
1:34 of 1st overtime period - Shot Misses the Net.
1:51 of 1st overtime period - Viktor Loov is hit by Tyler Randell.
1:59 of 1st overtime period - Slapshot by Jesse Blacker.
1:59 of 1st overtime period - Shot Blocked by Justin Falk.
2:01 of 1st overtime period - Slapshot by Colton Orr.
2:01 of 1st overtime period - Stopped by Reto Berra with a rebound.
2:03 of 1st overtime period - Snap shot by Eric Knodel.
2:03 of 1st overtime period - Shot Blocked by Justin Falk.
2:05 of 1st overtime period - Snap shot by Kenny Ryan.
2:05 of 1st overtime period - Shot Hit the Post.
2:07 of 1st overtime period - Slapshot by Jesse Blacker.
2:07 of 1st overtime period - Shot Misses the Net.
2:09 of 1st overtime period - Snap shot by Colton Orr.
2:09 of 1st overtime period - Stopped by Reto Berra with a rebound.
2:11 of 1st overtime period - Slapshot by Jesse Blacker.
2:11 of 1st overtime period - Shot Blocked by Justin Falk.
2:13 of 1st overtime period - Backhand shot by Jesse Blacker.
2:13 of 1st overtime period - Shot Blocked by Jared Knight.
2:15 of 1st overtime period - Backhand shot by Eric Knodel.
2:15 of 1st overtime period - Stopped by Reto Berra with a rebound.
2:17 of 1st overtime period - Slapshot by Colton Orr.
2:17 of 1st overtime period - Stopped by Reto Berra without a rebound.
2:18 of 1st overtime period - Mikhail Grigorenko wins face-off versus Kenny Ryan in Reign zone.
2:27 of 1st overtime period - Wrist shot by Matej Stransky.
2:27 of 1st overtime period - Deflect By Mikhail Grigorenko.
2:27 of 1st overtime period - Stopped by Cedrick Desjardins with a rebound.
2:57 of 1st overtime period - Snap shot by Tyler Randell.
2:57 of 1st overtime period - Shot Hit the Post.
2:59 of 1st overtime period - Slapshot by Davis Drewiske.
2:59 of 1st overtime period - Stopped by Cedrick Desjardins with a rebound.
4:11 of 1st overtime period - Snap shot by Mike Brown.
4:11 of 1st overtime period - Stopped by Reto Berra with a rebound.
4:13 of 1st overtime period - Snap shot by Joe Finley.
4:13 of 1st overtime period - Shot Blocked by Nathan Paetsch.
4:15 of 1st overtime period - Slapshot by Viktor Loov.
4:15 of 1st overtime period - Deflect By Josh Leivo.
4:15 of 1st overtime period - Stopped by Reto Berra with a rebound.
4:17 of 1st overtime period - Slapshot by Viktor Loov.
4:17 of 1st overtime period - Deflect By Mike Brown.
4:17 of 1st overtime period - Shot Misses the Net.
4:17 of 1st overtime period - Puck is out of play.
4:18 of 1st overtime period - Josh Leivo wins face-off versus Mikhail Grigorenko in Reign zone.
4:21 of 1st overtime period - Wrist shot by Mike Brown.
4:21 of 1st overtime period - Shot Misses the Net.
Goals for this period are 0 for Senators vs 0 for Reign.
Shots for this period are 7 for Senators vs 4 for Reign.

ShootOut


5:00 of 1st overtime period - Penalty Shot by Kyle Brodziak for Senators.
5:00 of 1st overtime period - Wrist shot by Kyle Brodziak.
5:00 of 1st overtime period - Shot Misses the Net.
5:00 of 1st overtime period - Penalty Shot by Mikhail Grigorenko for Reign.
5:00 of 1st overtime period - Snap shot by Mikhail Grigorenko.
5:00 of 1st overtime period - Stopped by Cedrick Desjardins.
5:00 of 1st overtime period - Penalty Shot by Emerson Etem for Senators.
5:00 of 1st overtime period - Wrist shot by Emerson Etem.
5:00 of 1st overtime period - Stopped by Reto Berra.
5:00 of 1st overtime period - Penalty Shot by Jared Knight for Reign.
5:00 of 1st overtime period - Snap shot by Jared Knight.
5:00 of 1st overtime period - Goal by Jared Knight.
5:00 of 1st overtime period - Penalty Shot by Cody Hodgson for Senators.
5:00 of 1st overtime period - Wrist shot by Cody Hodgson.
5:00 of 1st overtime period - Stopped by Reto Berra.